cohdb
Replays
Latest Replays
All Replays
Popular Replays
Top Player Replays
Match Explorer
How It Works
Community
CoH3 Stats
Reddit
Sign in to upload your games and track your stats! →
Sign in with Steam
Match 40597859
Unlisted
Match 40597859
Overview
Messages
Build Orders
End
Vickers Machine Gun Team
Construct Section Command Post
Dingo Light Scout Car
Royal Engineer Section
Vickers Machine Gun Team
Construct Platoon Command Post
Selects Indian Artillery Battlegroup
Humber Armored Car
Vickers Machine Gun Team
Selects Valour
Selects Gurkha Rifles Section
Gurkha Rifles Section
6-pounder Anti-tank Gun Team
Kcodarc
Mr.TtoYou
Agua de Jamaica
Phillip Banks
Rashid al-Din Fadlullah Hamadani
TP219
0
0
Comments
sign in to comment!
No comments posted yet!